AoeStats
← prathameshgawade1000

Arena

510717497Analyzed
1v1 RM · 2d ago on Oct 2, 2026· 18m 26s· 2 players
Game mode
Random Map
Map size
Tiny (2 player)
Population
200
Speed
Normal
Resources
Standard
Victory
Conquest
Starting age
Dark Age
Ending age
Imperial Age
RankedLock teamsTeams togetherTeam positionsShared explorationLock speedFull tech treeHidden civsTurbo modeCheats
Victory
Defeat
🇪🇸 Spanish · Spain
931
+14
893
-40
prathameshgawade1000
12:02 Feudal Age
12:39 Double-Bit Axe
12:38 Horse Collar
13:42 Wheelbarrow
16:08 Gold Mining
Fernandez Sama
10:52 Feudal Age
14:25 Castle Age
13:05 Double-Bit Axe
13:58 Loom
15:32 Bow Saw
Connection lost

Rejoining the realm…

Still unreachable

The connection could not be restored.

Session expired

The server has moved on; the page needs a fresh start.